 Dungeon Crawl Stone Soup version 0.30-a0-165-g1891117ce2 (webtiles) character file.

Game seed: 1624545657930250280

65 IdlyInterested the Slasher (level 3, 0/29 HPs)
             Began as a Demonspawn Gladiator on Sept 28, 2022.
             Slain by a bat (1 damage)
             ... on level 2 of the Dungeon.
             The game lasted 00:05:16 (1623 turns).

IdlyInterested the Slasher (Demonspawn Gladiator)   Turns: 1623, Time: 00:05:16

Health: 0/29       AC:  3    Str: 14    XL:     3   Next: 92%
Magic:  3/3        EV: 12    Int: 11    God:
Gold:   20         SH:  0    Dex: 14    Spells: 2/2 levels left

rFire   . . .      SeeInvis .    l - +0 rapier
rCold   . . .      Faith    .    (no shield)
rNeg    + . .      Spirit   .    i - +0 leather armour {rN+}
rPois   .          Reflect  .    (helmet restricted)
rElec   .          Harm     .    (no cloak)
rCorr   .          Rampage  .    (no gloves)
Will    .....                    (no boots)
Stlth   +.........               (no amulet)
HPRegen 0.09/turn                (no ring)
MPRegen 0.08/turn                (no ring)

@: brilliant, attractive
A: antennae 1, demonic magic 1
a: no special abilities


You were on level 2 of the Dungeon.
You visited 1 branch of the dungeon, and saw 2 of its levels.

You collected 20 gold pieces.

Inventory:

Hand Weapons
 a - a +0 long sword
 l - a +0 rapier (weapon)
Missiles
 d - 2 throwing nets (quivered)
Armour
 f - a +0 plate armour
 h - a +0 ring mail
 i - a +0 leather armour of positive energy (worn)
Jewellery
 c - a ring of ice
Scrolls
 b - a scroll of immolation {unknown}
 g - a scroll of identify {unknown}
 j - a scroll of vulnerability {unknown}


   Skills:
 - Level 3.0 Fighting
 * Level 1.4(2.3) Short Blades
 - Level 3.0(3.1) Long Blades
 + Level 2.1 Throwing
 - Level 3.0 Dodging


You had 2 spell levels left.
You didn't know any spells.
Your spell library contained the following spells:

 Spells                   Type           Power      Damage    Failure   Level
 Dazzling Flash           Conj/Hex       0%         N/A       80%         3
 Ozocubu's Armour         Ice            0%         N/A       80%         3
 Summon Guardian Golem    Hex/Summ       0%         N/A       80%         3
 Iskenderun's Mystic Bla  Conj/Tloc      0%         2d3       99%         4
 Metabolic Englaciation   Hex/Ice        0%         N/A       100%        5
 Simulacrum               Ice/Necr       0%         N/A       100%        6
 Starburst                Conj/Fire      0%         6d3       100%        6
 Orb of Destruction       Conj           0%         9d5       100%        7
 Spellforged Servitor     Conj/Summ      0%         N/A       100%        7


Dungeon Overview and Level Annotations

Branches:
Dungeon (2/15)

Altars:


Innate Abilities, Weirdness & Mutations

You have a pair of small antennae on your head.
Spells you cast may paralyse adjacent enemies.


Message History

The goblin attacks as you move away! The goblin completely misses you.
The bat completely misses you.
Items here: )))) [[ ††.
You hit the goblin.
The goblin is moderately wounded.
The bat hits you but does no damage. The goblin closely misses you.
The bat barely misses you.
You barely miss the goblin.
The goblin is moderately wounded.
The bat barely misses you. The goblin hits you with a +0 club.
You barely miss the goblin.
The goblin is moderately wounded.
The goblin hits you with a +0 club.
* * * LOW HITPOINT WARNING * * *
It was a potion of brilliance.
You feel clever all of a sudden. The bat hits you.
* * * LOW HITPOINT WARNING * * *
The bat barely misses you. The bat hits you.
* * * LOW HITPOINT WARNING * * *
The goblin barely misses you.
Throw: 3 throwing nets
Press: ? - help, Shift-Dir - straight line, f - goblin
Aim: a goblin, wielding a +0 club (moderately wounded, strong, 53% to hit)
You throw a throwing net. The throwing net hits the goblin.
The goblin is caught in the net!
The goblin is moderately wounded.
The bat misses you.
The goblin struggles against the net.
The bat barely misses you.
It was a potion of attraction.
You feel attractive to monsters. The bat hits you but does no damage.
The bat hits you.
* * * LOW HITPOINT WARNING * * *
The goblin struggles against the net.
The bat closely misses you.
You hit the goblin.
The goblin is severely wounded.
The bat hits you.
* * * LOW HITPOINT WARNING * * *
The bat hits you.
You die...

#.##...##########.#.#########
#....................<.g.....
###.#.......#########.#.#.#..####
#........<..+ # #g# .#
#...........# #######'#g...#
#...........# #............#
#...........# #)...........#
#...........#####gg............
#..............b@######'#.#####.
#.............$b)# #.# #
#[...............######.#.#
..######..............
#.............. ###......†.......
........(.)..g....
#.....#######.g.... #..... ...g..


You could see 2 goblins and 2 bats.

Vanquished Creatures
  Robin (D:2)
  An adder (D:1)
  A dart slug (D:1)
  7 bats (D:1)
  4 endoplasms
  A giant cockroach (D:1)
  9 goblins
  3 hobgoblins
  3 kobolds (D:1)
  A quokka (D:1)
  2 ball pythons (D:1)
  4 frilled lizards (D:1)
  2 rats (D:1)
39 creatures vanquished.

Notes
Turn   | Place    | Note
-------+----------+-------------------------------------------
     0 | D:1      | IdlyInterested the Demonspawn Gladiator began the quest for
                  | the Orb.
     0 | D:1      | Reached XP level 1. HP: 16/16 MP: 1/1
   123 | D:1      | Gained mutation: You have a pair of small antennae on your
                  | head. [demonic ancestry]
   123 | D:1      | Reached XP level 2. HP: 14/23 MP: 2/2
   861 | D:1      | Gained mutation: Spells you cast may paralyse adjacent
                  | enemies. [demonic ancestry]
   861 | D:1      | Reached XP level 3. HP: 28/28 MP: 3/3
   958 | D:1      | Found a faded altar of an unknown god.
  1040 | D:2      | Noticed Robin
  1606 | D:2      | Reached skill level 1 in Short Blades
  1615 | D:2      | Killed Robin
  1623 | D:2      | HP: 1/29 [bat (1)]
  1623 | D:2      | Slain by a bat

Illustrated notes

Levels and vault maps discovered:
D:1:      amcnicky_arrival_gap_in_the_tavern_cellar, layout_rooms,
          hellmonk_ecumenical_altar_run_dry
D:2:      layout_basic, uniq_robin

Skill      XL: |  1  2  3 |
---------------+----------+-----
Long Blades    | 3 |  3.0
Dodging        | 3 |  3.0
Fighting       | 3 |  3.0
Throwing       | 2 |  2.1
Short Blades   | 1 |  1.4

Action                   || total
-------------------------++-------
Melee: Long sword        ||    64
       Rapier            ||    47
Throw: Javelin           ||     1
       Throwing net      ||     1
  Use: Potion            ||     4
Armor: Leather armour    ||    34
       Skin              ||    19
Dodge: Dodged            ||    86

Table legend: (Time is in decaauts)
 A = Elapsed time spent in this place.
 B = Non-inter-level travel time spent in this place.
 C = Inter-level travel time spent in this place.
 D = Time resting spent in this place.
 E = Time spent auto-exploring this place.
 F = Levels seen in this place.
 G = Mean time per level.
                   A        B        C        D        E       F      G
               +--------+--------+--------+--------+--------+-----+--------+
         Total |   1644 |   1558 |     86 |    826 |    381 |   2 |  822.0 |
       Dungeon |   1644 |   1558 |     86 |    826 |    381 |   2 |  822.0 |
               +--------+--------+--------+--------+--------+-----+--------+

Top non-repeatable levels by time:
     D:1: 1526 daAuts
     D:2: 118 daAuts
